 Dungeon Crawl Stone Soup version 0.31.0-11-ge490571c62 (webtiles) character file.

Game seed: 3256511782097496221

7 qw the Shooter (level 1, -1/12 HPs)
             Began as a Deep Elf Hunter on Feb 4, 2024.
             Killed from afar by a dart slug (3 damage)
             ... with a slug dart
             ... on level 1 of the Dungeon.
             The game lasted 00:00:00 (127 turns).

qw the Shooter (Deep Elf Hunter)                     Turns: 127, Time: 00:00:00

Health: -1/12      AC:  3    Str:  8    XL:     1   Next: 91%
Magic:  3/3        EV: 12    Int: 13    God:
Gold:   5          SH:  0    Dex: 18    Spells: 0/0 levels left

rFire   . . .        a - +0 shortbow
rCold   . . .        (shield currently unavailable)
rNeg    . . .        c - +0 leather armour
rPois   .            (no helmet)
rElec   .            (no cloak)
rCorr   .            (no gloves)
SInv    .            (no boots)
Will    .....        (no amulet)
Stlth   ++           (no ring)
HPRegen 0.22/turn    (no ring)
MPRegen 0.08/turn

%: no passive effects
@: no status effects
A: no striking features
a: no special abilities


You were on level 1 of the Dungeon.
You visited 1 branch of the dungeon, and saw 1 of its levels.

You collected 5 gold pieces.


   Skills:
 - Level 1.5 Fighting
 + Level 5.9 Ranged Weapons
 - Level 2.4 Dodging
 - Level 1.2 Stealth


You couldn't memorise any spells.
You didn't know any spells.
Your spell library was empty.

Inventory:

Hand Weapons
 a - a +0 shortbow (weapon)
Armour
 c - a +0 leather armour (worn)
Scrolls
 b - a scroll of butterflies
 e - a scroll of identify {unknown}
 f - a scroll of blinking {unknown}
 g - a scroll of fear {unknown}
Potions
 d - a potion of haste {unknown}

Dungeon Overview and Level Annotations

Branches:
Dungeon (1/15)

Altars:


Message History

g - a scroll labelled GUHIOM KULUDI
Found 2 poisoned darts.
Found a short sword.
A goblin comes into view. It is wielding a +0 club.
The goblin shouts!
A dart slug comes into view.
You shoot an arrow. The arrow barely misses the goblin.
You shoot an arrow. The arrow closely misses the goblin.
You shoot an arrow. The arrow completely misses the goblin.
You shoot an arrow.
The arrow hits the goblin but does no damage.
The goblin barely misses you.
You shoot an arrow. The arrow barely misses the goblin.
The goblin hits you with a +0 club.
You shoot an arrow. The arrow closely misses the goblin.
The goblin hits you with a +0 club.
You shoot an arrow. The arrow hits the goblin.
The goblin is severely wounded.
The goblin barely misses you.
You shoot an arrow. The arrow barely misses the goblin.
The goblin hits you with a +0 club.
You shoot an arrow. The arrow hits the goblin.
You kill the goblin!
The dart slug launches a dart at you. The slug dart hits you.
You shoot an arrow. The arrow hits the dart slug.
The dart slug is moderately wounded.
The dart slug barely misses you.
You shoot an arrow. The arrow hits the dart slug.
The dart slug is severely wounded.
The dart slug barely misses you.
You shoot an arrow. The arrow hits the dart slug.
The dart slug is almost dead.
The dart slug bites you.
You shoot an arrow.
The arrow hits the dart slug but does no damage.
The dart slug is almost dead.
The dart slug launches a dart at you. The slug dart hits you.
You die...

#..)...###.# ##
##.........# .. ###
.....#..#### .# ...
.........### #.#
.... ###........#
##..#..... #
#......#.##
#..##.....
#####.%...###.##...#
##
#.##......#).#.###
.#
#...........@w......
.#
###.###.#..#...#.###
.# #. #.##.#.#.# ##
#. #.##.......
#.##..(.)....
#.............
..............
...........


You could see a dart slug.

Vanquished Creatures
  A giant cockroach (D:1)
  A kobold (D:1)
  2 ball pythons (D:1)
  A bat (D:1)
  2 goblins (D:1)
  A rat (D:1)
8 creatures vanquished.

Notes
Turn   | Place    | Note
-------+----------+-------------------------------------------
     0 | D:1      | qw the Deep Elf Hunter began the quest for the Orb.
     0 | D:1      | Reached XP level 1. HP: 12/12 MP: 3/3
     0 | D:1      | 0 ||| qw: Version: 0.3-a-160-g6735b56
     0 | D:1      | 0 ||| qw: Game counter: 4599
     0 | D:1      | 0 ||| qw: Melee chars always use a shield: true
     0 | D:1      | 0 ||| qw: God list: Okawaru
     0 | D:1      | 0 ||| qw: Allow faded altars: false
     0 | D:1      | 0 ||| qw: Do Orc after clearing Dungeon:15 true
     0 | D:1      | 0 ||| qw: Do second Lair branch before Depths: true
     0 | D:1      | 0 ||| qw: Lair rune preference: random
     0 | D:1      | 0 ||| qw: Goals: Normal
     0 | D:1      | 0 ||| PLANNING D:1-11
   123 | D:1      | HP: 2/12 [dart slug/slug dart (4)]
   127 | D:1      | Killed from afar by a dart slug

Levels and vault maps discovered:
D:1:      co_arrival_square_in_a_square_in_a_square, layout_rooms

Action                     || total
---------------------------++-------
   Fire: Shortbow          ||    25
 Armour: Leather armour    ||     8
  Dodge: Dodged            ||     5

Table legend:
 A = Non-vault XP
 B = Vault XP
 C = Vault XP percentage of total XP
 D = Non-vault monster count
 E = Vault monster count
 F = Vault count percentage of total count
                 A         B        C        D         E       F
            +---------+---------+-------+---------+---------+-------
      Total |      11 |       0 |   0.0 |       8 |       0 |   0.0
            +---------+---------+-------+---------+---------+-------
        D:1 |      11 |       0 |   0.0 |       8 |       0 |   0.0
            +---------+---------+-------+---------+---------+-------
